 Dungeon Crawl Stone Soup version 0.23.2-1-ga50397a6bc (webtiles) character file.

Game seed: 12666587230434655719

1453 Mrkan the Grappler (level 8, -1/75 HPs)
             Began as a Troll Monk on May 21, 2019.
             Was a Believer of Okawaru.
             Slain by a bullfrog (6 damage)
             ... on level 6 of the Dungeon.
             The game lasted 00:09:14 (3923 turns).

Mrkan the Grappler (Troll Monk)                     Turns: 3923, Time: 00:09:15

Health: -1/75      AC:  6    Str: 20    XL:     8   Next: 47%
Magic:  5/7        EV: 14    Int:  6    God:    Okawaru [**....]
Gold:   322        SH:  0    Dex: 14    Spells: 7/7 levels left

rFire    + . .     SeeInvis +     - Unarmed
rCold    . . .     Gourm    +   (no shield)
rNeg     . . .     Faith    .   a - +0 robe
rPois    .         Spirit   .   k - +0 hat
rElec    .         Reflect  .   (no cloak)
rCorr    .         Harm     .   (gloves unavailable)
MR       .....                  (boots unavailable)
Stlth    +++.......             (no amulet)
HPRegen  0.62/turn              m - ring of see invisible
MPRegen  0.10/turn              e - ring of protection from fire

@: heroism, lightly drained
A: large, unfitting armour, claws 3, fast metabolism 3, gourmand, regeneration
1, shaggy fur 1, tough skin 3
a: Heroism, Renounce Religion


You were on level 6 of the Dungeon.
You worshipped Okawaru.
Okawaru was pleased with you.
You were hungry.

You visited 2 branches of the dungeon, and saw 7 of its levels.
You also visited: Sewer.

You collected 322 gold pieces.

Inventory:

Hand Weapons
 j - a +0 whip of pain
Missiles
 w - 7 poisoned tomahawks (quivered)
Armour
 a - a +0 robe (worn)
 k - a +0 hat (worn)
Jewellery
 e - a ring of protection from fire (right claw)
 m - a ring of see invisible (left claw)
Wands
 x - a wand of iceblast (12)
Scrolls
 c - 5 scrolls of teleportation
 d - 3 scrolls of magic mapping
 h - 4 scrolls of immolation
 s - a scroll of fog {unknown}
 t - a scroll of brand weapon {unknown}
 u - 2 scrolls of remove curse {unknown}
 v - a scroll of random uselessness {unknown}
Potions
 f - a potion of heal wounds
 g - 3 potions of might
 i - a potion of magic {unknown}
 l - a potion of berserk rage {unknown}
 o - a potion of ambrosia {unknown}
 p - 2 potions of flight {unknown}
 q - 3 potions of degeneration
 r - a potion of curing {unknown}
Comestibles
 b - 13 rations


   Skills:
 + Level 3.5(8.3) Fighting
 + Level 3.5(8.3) Dodging
 - Level 1.0(5.9) Stealth
 - Level 10.0(14.9) Unarmed Combat


You had 7 spell levels left.
You didn't know any spells.
Your spell library contained the following spells:

 Spells                   Type           Power        Failure   Level  Hunger
 Freeze                   Ice            #...         45%         1    ##.....
 Corpse Rot               Necr           N/A          58%         2    ###....
 Throw Frost              Conj/Ice       #.....       58%         2    ###....
 Ozocubu's Armour         Chrm/Ice       #.......     83%         3    ####...
 Stone Arrow              Conj/Erth      #.....       83%         3    ####...
 Leda's Liquefaction      Hex/Erth       #.........   99%         4    #####..
 Summon Ice Beast         Ice/Summ       #.......     99%         4    #####..
 Throw Icicle             Conj/Ice       #.......     99%         4    #####..
 Summon Forest            Summ/Tloc      #.........   100%        5    ######.
 Hydra Form               Tmut           #.........   100%        6    #######
 Summon Hydra             Summ           #.........   100%        7    #######


Dungeon Overview and Level Annotations

Branches:
Dungeon (6/15)             Temple (1/1) D:5

Altars:
Ashenzari
Cheibriados
Dithmenos
Elyvilon
Fedhas
Gozag
Hepliaklqana
Kikubaaqudgha
Makhleb
Nemelex Xobeh
Okawaru
Qazlal
Ru
Sif Muna
Trog
Vehumet
Wu Jian
Xom
Yredelemnul
Zin
The Shining One

Annotations:
D:6 3 runed translucent doors


Innate Abilities, Weirdness & Mutations

You are too large for most types of armour.
You have claws for hands.
Your metabolism is lightning-fast.
You like to eat raw meat.
Your natural rate of healing is unusually fast.
You are covered in fur. (AC +1)
You have extremely tough skin. (AC +3)


Message History

The bullfrog hits you!
* * * LOW HITPOINT WARNING * * *
The bullfrog hits you.
* * * LOW HITPOINT WARNING * * *
You gain the combat prowess of a mighty hero.
The bullfrog hits you but does no damage. x2
The bullfrog barely misses you. The bullfrog hits you.
* * * LOW HITPOINT WARNING * * *
You claw the bullfrog!
The bullfrog is heavily wounded.
The bullfrog hits you but does no damage.
The bullfrog barely misses you. x2
You closely miss the bullfrog.
The bullfrog is heavily wounded.
The bullfrog closely misses you. The bullfrog hits you.
* * * LOW HITPOINT WARNING * * *
The bullfrog releases a deep croak.
The bullfrog hits you but does no damage.
The bullfrog hits you.
You die...

..............)......#
...............)....<...#
.........................#
.........................#
.........................#
.........................#
#........................#
............F.........#.##
.........?JZF@.........
#...........F....#####.
##..#.......###.## P..
##..##### ## . #...#
....## ≈≈... ≈.P#.


You could see 3 bullfrogs, a jelly and an adder skeleton.

Vanquished Creatures
  Grinder (D:3)
  Sigmund (D:2)
  2 sky beasts (D:5)
  2 ogres
  A bullfrog (Sewer)
  A scorpion (D:4)
  A wight (D:6)
  A howler monkey (D:5)
  A crimson imp (D:5)
  A bullfrog zombie (D:6)
  A hound (D:5)
  2 bullfrog skeletons (D:4)
  An iguana (D:4)
  3 worker ants
  A howler monkey skeleton (D:6)
  A worker ant zombie (D:6)
  Robin (D:2)
  7 adders
  17 oozes
  3 worms
  A dart slug (D:5)
  10 leopard geckos
  6 orcs (D:4)
  13 giant cockroaches
  12 goblins
  12 hobgoblins
  10 jackals
  4 kobolds
  3 quokkas
  17 ball pythons
  8 bats
  14 frilled lizards
  A jackal skeleton (D:4)
  4 rats
164 creatures vanquished.

Notes
Turn   | Place    | Note
-------+----------+-------------------------------------------
     0 | D:1      | Mrkan the Troll Monk began the quest for the Orb.
     0 | D:1      | Reached XP level 1. HP: 22/22 MP: 0/0
   312 | D:1      | Reached XP level 2. HP: 28/29 MP: 1/1
   827 | D:2      | Reached skill level 4 in Unarmed Combat
   921 | D:2      | Reached XP level 3. HP: 36/36 MP: 2/2
   953 | D:2      | Noticed Sigmund
   962 | D:2      | Killed Sigmund
   962 | D:2      | Reached skill level 6 in Unarmed Combat
   962 | D:2      | Reached XP level 4. HP: 42/44 MP: 3/3
   962 | D:2      | Reached XP level 5. HP: 47/50 MP: 4/4
   999 | D:2      | Noticed Robin
  1025 | D:2      | Killed Robin
  1352 | D:3      | Noticed Grinder
  1377 | D:3      | Paralysed by Grinder for 2 turns
  1381 | D:3      | Killed Grinder
  1381 | D:3      | Reached skill level 7 in Unarmed Combat
  1381 | D:3      | Reached XP level 6. HP: 35/59 MP: 5/5
  1830 | D:4      | Found a glowing drain.
  1866 | Sewer    | Entered a sewer
  1944 | Sewer    | Reached skill level 8 in Unarmed Combat
  1978 | Sewer    | Reached XP level 7. HP: 61/66 MP: 6/6
  2431 | D:4      | Reached skill level 9 in Unarmed Combat
  2949 | D:5      | Entered Level 5 of the Dungeon
  3155 | D:5      | Found a staircase to the Ecumenical Temple.
  3170 | Temple   | Entered the Ecumenical Temple
  3226 | Temple   | Became a worshipper of Warmaster Okawaru
  3226 | Temple   | Reached * piety under Okawaru
  3226 | Temple   | Reached ** piety under Okawaru
  3274 | D:5      | Reached XP level 8. HP: 69/74 MP: 7/7
  3296 | D:5      | Reached skill level 10 in Unarmed Combat
  3855 | D:6      | Found a runed translucent gate.
  3855 | D:6      | Found a runed translucent gate.
  3855 | D:6      | Found a runed translucent gate.
  3923 | D:6      | Slain by a bullfrog

Skill      XL: |  1  2  3  4  5  6  7  8 |
---------------+-------------------------+-----
Unarmed Combat | 4 6 7 8 9 10 | 10.0
Fighting       | 3 |  3.5
Dodging        | 3 |  3.5
Stealth        | |  1.0

Action                   |  1- 3 |  4- 6 |  7- 9 || total
-------------------------+-------+-------+-------++-------
Melee: Unarmed           |    48 |   183 |   173 ||   404
       Punch             |       |     5 |     5 ||    10
Invok: Heroism           |       |       |     1 ||     1
  Use: Potion            |       |     1 |       ||     1
       Scroll            |       |     3 |     4 ||     7
 Stab: Sleeping          |     3 |     2 |     6 ||    11
  Eat: Chunk             |    11 |    13 |     9 ||    33
Armor: Robe              |    16 |   100 |   101 ||   217
Dodge: Dodged            |    21 |   112 |   122 ||   255
